 Dungeon Sprint DCSS version 0.30-a0-883-g5ad918d77d (webtiles) character file.

Game seed: 7924497384665762661

46 sircluck the Trooper (level 3, -4/26 HPs)
             Began as a Gargoyle Fighter on Mar 16, 2023.
             Slain by a wolf (8 damage)
             ... in the Dungeon (Sprint III: "The Ten Rune Challenge").
             The game lasted 00:00:44 (170 turns).

sircluck the Trooper (Gargoyle Fighter)              Turns: 170, Time: 00:00:44

Health: -4/26      AC: 10    Str: 21    XL:     3   Next: 66%
Magic:  3/3        EV:  9    Int:  8    God:
Gold:   0          SH:  4    Dex:  9    Spells: 2/2 levels left

rFire   . . .      SeeInvis .    a - +0 flail
rCold   . . .      Faith    .    c - +0 buckler
rNeg    + . .      Spirit   .    b - +0 scale mail
rPois   ∞          Reflect  .    (no helmet)
rElec   +          Rampage  .    (no cloak)
rCorr   .          NoTele   +    (no gloves)
Will    .....                    (no boots) Stlth
                                 (no amulet)
HPRegen 0.24/turn                (no ring)
MPRegen 0.08/turn                (no ring)

@: no status effects
A: sickness immunity, AC +3, negative energy resistance 1, electricity
resistance, torment resistance 1, petrification resistance
a: no special abilities


You were in the Dungeon.
You visited 1 branch

Inventory:

Hand Weapons
 a - a +0 flail (weapon)
Missiles
 k - 2 stones (quivered)
Armour
 b - a +0 scale mail (worn)
 c - a +0 buckler (worn)
Scrolls
 j - a scroll of blinking
Potions
 d - a potion of might
 e - a potion of curing
 f - a potion of heal wounds
 g - a potion of haste
 h - 2 potions of magic
 i - a potion of berserk rage


   Skills:
 + Level 5.3 Fighting
 + Level 3.2 Maces & Flails
 + Level 5.1 Armour
 + Level 4.9 Shields


You had 2 spell levels left.
You didn't know any spells.
Your spell library was empty.

Dungeon Overview and Level Annotations

Branches:
Dungeon (1/1)

Altars:


Innate Abilities, Weirdness & Mutations

You are immune to sickness and miasma.
Your stone body is resilient. (AC +3)
You are immune to poison.
You resist negative energy. (rN+)
You are resistant to electric shocks. (rElec)
You are resistant to unholy torment.
You are immune to petrification.


Message History

You kill the human!
Your Fighting skill increases to level 5!
Your Maces & Flails skill increases to level 3!
Your Armour skill increases to level 5!
You see here 2 stones.
k - 2 stones You see here a human corpse.
Things that are here:
a +0 club; a +0 robe A wolf comes into view.
You hit the wolf.
The wolf is lightly wounded.
The wolf bites you. The wolf bites you but does no damage.
You hit the wolf.
The wolf is heavily wounded.
The wolf bites you. The wolf barely misses you.
You barely miss the wolf.
The wolf is heavily wounded.
The wolf completely misses you. The wolf bites you but does no damage.
You hit the wolf but do no damage.
The wolf is heavily wounded.
The wolf closely misses you. The wolf bites you.
You completely miss the wolf.
The wolf is heavily wounded.
The wolf bites you. x2
You are too injured to fight recklessly!
You are too injured to fight recklessly!
You are too injured to fight recklessly!
You are too injured to fight recklessly!
You hit the wolf.
The wolf is almost dead.
The wolf bites you. The wolf closely misses you. The wolf barely misses you.
You closely miss the wolf.
The wolf is almost dead.
You block the wolf's attack. The wolf bites you.
* * * LOW HITPOINT WARNING * * *
You miss the wolf.
The wolf is almost dead.
The wolf completely misses you. The wolf bites you!
You die...

▓...#......##
▓..##....†..# .#
▓##.##.##...# .#
##.##.###..# ..#
▓#.####†##..# ...+
▓.###..##.)##
#...# ▓#.....##..#
#....#
###..##...##.....#
##..##....#@h....#
#..###..##.#.....#
#..# #..#####....#
▓▓▓▓ ▓▓▓▓ ▓▓▓▓▓


You could see a wolf.

Vanquished Creatures
  Jessica (D)
  A human (D)
  3 rats (D)
5 creatures vanquished.

Notes
Turn   | Place    | Note
-------+----------+-------------------------------------------
     0 | D        | sircluck the Gargoyle Fighter began the quest for the Orb.
     0 | D        | Reached XP level 1. HP: 14/14 MP: 1/1
    31 | D        | Noticed Jessica
    36 | D        | Killed Jessica
    37 | D        | Reached XP level 2. HP: 18/20 MP: 2/2
    37 | D        | Reached XP level 3. HP: 22/25 MP: 3/3
    83 | D        | Reached skill level 5 in Fighting
    83 | D        | Reached skill level 5 in Armour
   170 | D        | Slain by a wolf

Illustrated notes

Levels and vault maps discovered:
D:        dungeon_sprint_mu [sprint_mu_entry_cave, sprint_mu_temple_rooms,
          sprint_mu_d1_horrors, sprint_mu_d2_genie, sprint_mu_d3_branching,
          sprint_mu_orc_legion, sprint_mu_elf_gauntlet, sprint_mu_hive_nellie,
          sprint_mu_lair_fedhas, sprint_mu_vaults_butterflies,
          sprint_mu_slime_circle, sprint_mu_swamp_cave, sprint_mu_snake_twists,
          sprint_mu_blade_basic, sprint_mu_crypt_lich, sprint_mu_tomb_spiral,
          sprint_mu_vestibule_basic, sprint_mu_gehenna_hellfire,
          sprint_mu_dis_giant, sprint_mu_tartarus_statrot,
          sprint_mu_cocytus_islands, sprint_mu_zot1]

Skill      XL: |  1  2  3 |
---------------+----------+-----
Fighting       | 4 5 |  5.3
Armour         | 4 5 |  5.1
Shields        | 4 |  4.9
Maces & Flails | 3 |  3.2

Action                     || total
---------------------------++-------
  Melee: Flail             ||    32
 Armour: Scale mail        ||    10
  Dodge: Dodged            ||    16
  Block: Buckler           ||     3

Table legend: (Time is in decaauts)
 A = Elapsed time spent in this place.
 B = Non-inter-level travel time spent in this place.
 C = Inter-level travel time spent in this place.
 D = Time resting spent in this place.
 E = Time spent auto-exploring this place.
 F = Levels seen in this place.
 G = Mean time per level.
                   A        B        C        D        E       F      G
               +--------+--------+--------+--------+--------+-----+--------+
         Total |    179 |    179 |      0 |      0 |    105 |   1 |  179.0 |
       Dungeon |    179 |    179 |      0 |      0 |    105 |   1 |  179.0 |
               +--------+--------+--------+--------+--------+-----+--------+

Top non-repeatable levels by time:
       D: 179 daAuts
